2956 views
Uploaded 2019-12-02 22:19:17
Game version 1.32.0.3 / 1.32.0.3.1
20:28 long 3on3 ladder game on (6)RollingHills
Saved by BEARAND
2956 views
Uploaded 2019-12-02 22:19:17
Game version 1.32.0.3 / 1.32.0.3.1
20:28 long 3on3 ladder game on (6)RollingHills


/ 1.3k
47 buildings @ 6.1k
/ 2.1k



| Peasant | 14 | 1050 | / | 0 |
| Footman | 14 | 1890 | / | 0 |
| Priest | 5 | 675 | / | 50 |
| Sorceress | 2 | 310 | / | 40 |
| Rifleman | 2 | 410 | / | 60 |
| total: | 37 | 4335g | / | 150w |
| Altar of Kings | 1 | 180 | / | 50 |
| Barracks | 2 | 320 | / | 120 |
| Farm | 12 | 960 | / | 240 |
| Lumber Mill | 1 | 120 | / | 0 |
| Town Hall | 1 | 385 | / | 205 |
| Blacksmith | 1 | 140 | / | 60 |
| Arcane Sanctum | 3 | 450 | / | 420 |
| Keep | 1 | 320 | / | 210 |
| Castle | 1 | 360 | / | 210 |
| total: | 21 | 2555g | / | 1095w |
| 0:03 | Peasant |
| 0:03 | Peasant |
| 0:11 | Altar of Kings |
| 0:17 | Peasant |
| 0:22 | Barracks |
| 0:36 | Farm |
| 0:45 | Peasant |
| 0:55 | Farm |
| 0:59 | Peasant |
| 1:14 | Peasant |
| 1:23 | Footman |
| 1:33 | Peasant |
| 1:35 | Footman |
| 1:50 | Farm |
| 1:53 | Peasant |
| 2:12 | Blizzard |
| 2:19 | Footman |
| 2:39 | Keep |
| 2:48 | Footman |
| 3:01 | Farm |
| 3:13 | Footman |
| 3:29 | Footman |
| 3:40 | Footman |
| 4:06 | Brilliance Aura |
| 4:17 | Footman |
| 4:21 | Farm |
| 6:57 | Defend |
| 7:16 | Lumber Mill |
| 7:17 | Farm |
| 7:24 | Peasant |
| 7:24 | Peasant |
| 7:31 | Arcane Sanctum |
| 7:35 | Arcane Sanctum |
| 7:56 | Storm Bolt |
| 8:09 | Arcane Sanctum |
| 8:40 | Priest |
| 8:41 | Priest |
| 9:11 | Farm |
| 9:14 | Farm |
| 9:36 | Footman |
| 9:36 | Footman |
| 10:02 | Priest |
| 10:03 | Priest |
| 10:26 | Castle |
| 11:03 | Priest Adept Training |
| 11:42 | Farm |
| 11:44 | Farm |
| 12:43 | Priest |
| 12:48 | Priest Master Training |
| 13:15 | Town Hall |
| 13:41 | Sorceress Adept Training |
| 14:54 | Peasant |
| 16:12 | Farm |
| 16:15 | Farm |
| 16:17 | Blacksmith |
| 16:20 | Barracks |
| 16:22 | Peasant |
| 16:22 | Peasant |
| 16:22 | Peasant |
| 17:22 | Footman |
| 17:22 | Footman |
| 17:30 | Holy Light |
| 17:42 | Footman |
| 17:46 | Sorceress |
| 17:47 | Sorceress Master Training |
| 18:03 | Rifleman |
| 18:10 | Footman |
| 18:14 | Sorceress |
| 18:17 | Iron Forged Swords |
| 18:17 | Iron Plating |
| 19:21 | Rifleman |
| 19:22 | Long Rifles |
| Right click | 1144 |
| Select group | 553 |
| Select | 279 |
| Build/train/purchase | 79 |
| Use ability | 54 |
| Misc. action | 46 |
| Assign group | 33 |
| Chat | 25 |
| Remove unit | 2 |
| Minimap ping | 1 |

| Peon | 6 | 450 | / | 0 |
| Grunt | 3 | 600 | / | 0 |
| Troll Headhunter | 4 | 560 | / | 80 |
| Demolisher | 7 | 1540 | / | 350 |
| total: | 20 | 3150g | / | 430w |
| Altar of Storms | 1 | 180 | / | 50 |
| Orc Burrow | 6 | 960 | / | 240 |
| Barracks | 2 | 360 | / | 100 |
| War Mill | 2 | 410 | / | 0 |
| Stronghold | 1 | 315 | / | 190 |
| total: | 11 | 1910g | / | 390w |
| 0:19 | Peon |
| 0:19 | Peon |
| 0:25 | Altar of Storms |
| 0:30 | Orc Burrow |
| 0:51 | Barracks |
| 1:12 | Peon |
| 1:59 | Grunt |
| 1:59 | Grunt |
| 2:33 | Chain Lighting |
| 2:40 | Grunt |
| 2:48 | Orc Burrow |
| 3:02 | War Mill |
| 3:09 | War Mill |
| 4:26 | Troll Headhunter |
| 4:27 | Troll Headhunter |
| 4:38 | Steel Ranged Weapons |
| 5:30 | Troll Headhunter |
| 5:30 | Troll Headhunter |
| 6:34 | Stronghold |
| 8:41 | Barracks |
| 9:03 | Orc Burrow |
| 9:21 | Orc Burrow |
| 9:59 | Demolisher |
| 10:00 | Demolisher |
| 10:02 | Demolisher |
| 11:46 | Orc Burrow |
| 13:10 | Demolisher |
| 13:12 | Demolisher |
| 13:58 | Peon |
| 13:58 | Peon |
| 13:58 | Peon |
| 15:07 | Far Sight |
| 16:48 | Demolisher |
| 16:48 | Demolisher |
| 18:07 | Orc Burrow |
| Right click | 579 |
| Select | 218 |
| Chat | 103 |
| Select group | 45 |
| Misc. action | 37 |
| Build/train/purchase | 36 |
| Use ability | 13 |
| Minimap ping | 7 |
| Assign group | 6 |

| Peasant | 7 | 525 | / | 0 |
| Footman | 4 | 540 | / | 0 |
| Rifleman | 3 | 615 | / | 90 |
| Mortar Team | 2 | 360 | / | 140 |
| Knight | 2 | 490 | / | 120 |
| Siege Engine | 1 | 195 | / | 60 |
| Gryphon Rider | 5 | 1400 | / | 350 |
| total: | 24 | 4125g | / | 760w |
| Altar of Kings | 1 | 180 | / | 50 |
| Farm | 9 | 720 | / | 180 |
| Barracks | 1 | 160 | / | 60 |
| Lumber Mill | 1 | 120 | / | 0 |
| Blacksmith | 1 | 140 | / | 60 |
| Gryphon Aviary | 1 | 140 | / | 150 |
| Workshop | 1 | 140 | / | 140 |
| Keep | 1 | 320 | / | 210 |
| Castle | 1 | 360 | / | 210 |
| total: | 15 | 1600g | / | 640w |
| 0:04 | Peasant |
| 0:04 | Peasant |
| 0:04 | Peasant |
| 0:04 | Peasant |
| 0:04 | Peasant |
| 0:13 | Altar of Kings |
| 0:22 | Farm |
| 0:42 | Barracks |
| 1:06 | Lumber Mill |
| 1:43 | Footman |
| 1:48 | Farm |
| 1:49 | Farm |
| 1:57 | Farm |
| 2:26 | Footman |
| 2:27 | Footman |
| 2:33 | Flame Strike |
| 2:46 | Blacksmith |
| 3:33 | Farm |
| 3:36 | Keep |
| 3:46 | Footman |
| 4:09 | Rifleman |
| 4:40 | Rifleman |
| 5:28 | Rifleman |
| 6:36 | Gryphon Aviary |
| 7:17 | Long Rifles |
| 7:19 | Black Gunpowder |
| 8:17 | Banish |
| 9:13 | Castle |
| 9:16 | Refined Gunpowder |
| 9:25 | Workshop |
| 10:39 | Mortar Team |
| 10:40 | Mortar Team |
| 11:26 | Farm |
| 11:35 | Knight |
| 11:37 | Knight |
| 12:39 | Barrage |
| 12:41 | Siege Engine |
| 12:45 | Iron Forged Swords |
| 12:50 | Gryphon Rider |
| 13:10 | Peasant |
| 13:11 | Peasant |
| 13:37 | Farm |
| 13:37 | Farm |
| 13:38 | Farm |
| 15:06 | Imbued Gunpowder |
| 15:07 | Steel Forged Swords |
| 16:14 | Gryphon Rider |
| 16:16 | Gryphon Rider |
| 18:10 | Gryphon Rider |
| 18:11 | Gryphon Rider |
| 18:20 | Studded Leather Armor |
| Right click | 921 |
| Select group | 234 |
| Select | 187 |
| Misc. action | 109 |
| Build/train/purchase | 37 |
| Assign group | 17 |
| Use ability | 9 |
| Chat | 7 |
| Minimap ping | 6 |
56 units @ 5.1k
/ 0.4k
175 buildings @ 10.4k
/ 5.5k



x1)
| Lesser Clarity Potion | 3 | 210 |
| Staff of Sanctuary | 4 | 1000 |
| Tome of Retraining | 2 | 600 |
| Boots of Speed | 3 | 750 |
| Staff of Teleportation | 2 | 300 |
| Healing Salve | 3 | 300 |
| Orb of Lightning | 3 | 1125 |
| total: | 20 | 4285g |
| Peasant | 16 | 1200 | / | 0 |
| Priest | 2 | 270 | / | 20 |
| total: | 18 | 1470g | / | 20w |
| Scout Tower | 54 | 1620 | / | 1080 |
| Arcane Tower | 2 | 140 | / | 100 |
| Guard Tower | 12 | 840 | / | 600 |
| Altar of Kings | 1 | 180 | / | 50 |
| Farm | 8 | 640 | / | 160 |
| Lumber Mill | 2 | 240 | / | 0 |
| Blacksmith | 1 | 140 | / | 60 |
| Town Hall | 1 | 385 | / | 205 |
| Arcane Vault | 2 | 260 | / | 60 |
| Barracks | 1 | 160 | / | 60 |
| Arcane Sanctum | 1 | 150 | / | 140 |
| Gryphon Aviary | 2 | 280 | / | 300 |
| Keep | 1 | 320 | / | 210 |
| Castle | 1 | 360 | / | 210 |
| total: | 73 | 4055g | / | 2115w |
| 0:01 | Peasant |
| 0:01 | Peasant |
| 0:06 | Altar of Kings |
| 0:19 | Farm |
| 0:22 | Peasant |
| 0:45 | Peasant |
| 0:50 | Farm |
| 0:52 | Farm |
| 1:00 | Peasant |
| 1:04 | Lumber Mill |
| 1:20 | Peasant |
| 1:22 | Peasant |
| 1:26 | Peasant |
| 1:33 | Peasant |
| 1:44 | Scout Tower |
| 1:56 | Scout Tower |
| 2:05 | Peasant |
| 2:10 | Summon Water Elemental |
| 2:11 | Arcane Tower |
| 2:13 | Scout Tower |
| 2:27 | Guard Tower |
| 2:29 | Scout Tower |
| 2:39 | Peasant |
| 2:43 | Guard Tower |
| 2:45 | Scout Tower |
| 3:00 | Scout Tower |
| 3:01 | Scout Tower |
| 3:50 | Guard Tower |
| 3:54 | Peasant |
| 3:55 | Peasant |
| 4:16 | Scout Tower |
| 4:17 | Scout Tower |
| 4:18 | Scout Tower |
| 4:18 | Scout Tower |
| 4:19 | Scout Tower |
| 4:19 | Scout Tower |
| 4:29 | Keep |
| 4:32 | Improved Masonry |
| 4:35 | Scout Tower |
| 4:36 | Scout Tower |
| 4:59 | Guard Tower |
| 5:03 | Scout Tower |
| 5:03 | Scout Tower |
| 5:13 | Scout Tower |
| 5:13 | Scout Tower |
| 5:14 | Scout Tower |
| 5:14 | Scout Tower |
| 6:09 | Guard Tower |
| 6:26 | Guard Tower |
| 6:36 | Healing Salve |
| 6:37 | Lesser Clarity Potion |
| 7:07 | Guard Tower |
| 7:09 | Scout Tower |
| 7:10 | Scout Tower |
| 7:11 | Scout Tower |
| 7:11 | Scout Tower |
| 7:11 | Scout Tower |
| 7:36 | Farm |
| 7:37 | Farm |
| 7:38 | Arcane Tower |
| 7:38 | Guard Tower |
| 7:40 | Lumber Mill |
| 7:42 | Arcane Sanctum |
| 8:50 | Guard Tower |
| 8:58 | Magic Sentry |
| 9:14 | Peasant |
| 9:14 | Peasant |
| 9:15 | Peasant |
| 9:39 | Storm Bolt |
| 9:53 | Scout Tower |
| 9:53 | Scout Tower |
| 9:53 | Scout Tower |
| 9:54 | Scout Tower |
| 9:54 | Scout Tower |
| 9:55 | Scout Tower |
| 9:57 | Scout Tower |
| 9:57 | Scout Tower |
| 9:58 | Scout Tower |
| 9:58 | Scout Tower |
| 9:58 | Scout Tower |
| 9:59 | Scout Tower |
| 10:16 | Scout Tower |
| 11:03 | Scout Tower |
| 11:04 | Scout Tower |
| 11:04 | Scout Tower |
| 11:05 | Scout Tower |
| 11:06 | Scout Tower |
| 11:07 | Castle |
| 11:08 | Priest |
| 11:09 | Priest |
| 11:26 | Lesser Clarity Potion |
| 11:30 | Advanced Masonry |
| 12:06 | Healing Salve |
| 12:08 | Orb of Lightning |
| 12:46 | Brilliance Aura |
| 12:58 | Blacksmith |
| 12:59 | Farm |
| 13:00 | Farm |
| 13:00 | Farm |
| 13:06 | Town Hall |
| 13:27 | Tome of Retraining |
| 13:27 | Retrain Hero |
| 13:29 | Blizzard |
| 13:29 | Brilliance Aura |
| 13:41 | Boots of Speed |
| 13:42 | Boots of Speed |
| 13:57 | Staff of Teleportation |
| 14:02 | Healing Salve |
| 14:04 | Lesser Clarity Potion |
| 14:53 | Guard Tower |
| 15:12 | Arcane Vault |
| 15:12 | Arcane Vault |
| 15:17 | Scout Tower |
| 15:18 | Scout Tower |
| 15:18 | Scout Tower |
| 15:19 | Scout Tower |
| 15:47 | Holy Light |
| 15:52 | Gryphon Aviary |
| 15:53 | Gryphon Aviary |
| 15:55 | Barracks |
| 15:55 | Iron Forged Swords |
| 16:03 | Bash |
| 16:43 | Staff of Sanctuary |
| 16:45 | Orb of Lightning |
| 16:45 | Orb of Lightning |
| 16:48 | Guard Tower |
| 17:37 | Guard Tower |
| 17:56 | Staff of Sanctuary |
| 18:10 | Scout Tower |
| 18:22 | Storm Hammers |
| 18:23 | Imbued Masonry |
| 18:24 | Steel Forged Swords |
| 18:59 | Scout Tower |
| 19:00 | Scout Tower |
| 19:00 | Scout Tower |
| 19:01 | Scout Tower |
| 19:01 | Scout Tower |
| 19:24 | Boots of Speed |
| 19:24 | Staff of Teleportation |
| 19:26 | Tome of Retraining |
| 20:52 | Staff of Sanctuary |
| 20:52 | Staff of Sanctuary |
| Right click | 2158 |
| Select | 457 |
| Select group | 298 |
| Chat | 234 |
| Build/train/purchase | 134 |
| Use ability | 59 |
| Assign group | 22 |
| Item give/drop | 7 |
| Resource trade | 7 |
| Minimap ping | 6 |
| Misc. action | 1 |



| Staff of Sanctuary | 3 | 750 |
| Scroll of Regeneration | 1 | 100 |
| Staff of Teleportation | 3 | 450 |
| Boots of Speed | 3 | 750 |
| Healing Salve | 2 | 200 |
| Orb of Lightning | 2 | 750 |
| total: | 14 | 3000g |
| Peasant | 15 | 1125 | / | 0 |
| Priest | 2 | 270 | / | 20 |
| total: | 17 | 1395g | / | 20w |
| Scout Tower | 67 | 2010 | / | 1340 |
| Arcane Tower | 8 | 560 | / | 400 |
| Guard Tower | 29 | 2030 | / | 1450 |
| Altar of Kings | 1 | 180 | / | 50 |
| Farm | 6 | 480 | / | 120 |
| Lumber Mill | 1 | 120 | / | 0 |
| Arcane Vault | 1 | 130 | / | 30 |
| Arcane Sanctum | 1 | 150 | / | 140 |
| Keep | 1 | 320 | / | 210 |
| Castle | 1 | 360 | / | 210 |
| total: | 77 | 3070g | / | 1680w |
| 0:03 | Peasant |
| 0:03 | Peasant |
| 0:06 | Altar of Kings |
| 0:10 | Farm |
| 0:18 | Peasant |
| 0:18 | Peasant |
| 0:25 | Peasant |
| 0:39 | Peasant |
| 0:50 | Peasant |
| 0:50 | Peasant |
| 0:57 | Farm |
| 1:01 | Farm |
| 1:20 | Peasant |
| 1:25 | Lumber Mill |
| 1:29 | Peasant |
| 1:33 | Scout Tower |
| 1:51 | Scout Tower |
| 2:02 | Arcane Tower |
| 2:04 | Scout Tower |
| 2:07 | Summon Water Elemental |
| 2:10 | Peasant |
| 2:24 | Scout Tower |
| 2:28 | Guard Tower |
| 2:33 | Guard Tower |
| 2:39 | Peasant |
| 2:39 | Peasant |
| 2:40 | Peasant |
| 2:51 | Scout Tower |
| 2:57 | Guard Tower |
| 2:59 | Scout Tower |
| 3:12 | Peasant |
| 3:15 | Improved Masonry |
| 3:30 | Guard Tower |
| 3:31 | Scout Tower |
| 3:32 | Scout Tower |
| 3:55 | Scout Tower |
| 3:58 | Keep |
| 4:01 | Scout Tower |
| 4:01 | Guard Tower |
| 4:31 | Staff of Teleportation |
| 4:31 | Boots of Speed |
| 4:38 | Guard Tower |
| 4:45 | Scout Tower |
| 4:48 | Scout Tower |
| 4:52 | Healing Salve |
| 5:16 | Guard Tower |
| 5:19 | Scout Tower |
| 5:20 | Scout Tower |
| 6:28 | Guard Tower |
| 6:30 | Scout Tower |
| 6:36 | Farm |
| 6:37 | Farm |
| 6:39 | Farm |
| 6:56 | Guard Tower |
| 6:58 | Scout Tower |
| 6:59 | Scout Tower |
| 7:08 | Castle |
| 7:54 | Guard Tower |
| 8:28 | Guard Tower |
| 8:30 | Scout Tower |
| 8:31 | Scout Tower |
| 8:31 | Scout Tower |
| 8:32 | Scout Tower |
| 8:39 | Scout Tower |
| 8:39 | Scout Tower |
| 8:43 | Storm Bolt |
| 8:45 | Arcane Vault |
| 9:03 | Advanced Masonry |
| 9:04 | Arcane Sanctum |
| 9:07 | Scout Tower |
| 9:08 | Scout Tower |
| 9:10 | Guard Tower |
| 9:35 | Arcane Tower |
| 9:37 | Scout Tower |
| 9:38 | Scout Tower |
| 9:49 | Scout Tower |
| 9:53 | Scout Tower |
| 9:56 | Guard Tower |
| 10:05 | Staff of Sanctuary |
| 10:10 | Guard Tower |
| 10:45 | Guard Tower |
| 10:46 | Arcane Tower |
| 10:48 | Scout Tower |
| 10:49 | Scout Tower |
| 10:50 | Scout Tower |
| 10:50 | Scout Tower |
| 11:04 | Priest |
| 11:04 | Priest Adept Training |
| 11:05 | Arcane Tower |
| 11:07 | Magic Sentry |
| 11:07 | Priest |
| 11:07 | Priest Master Training |
| 11:09 | Holy Light |
| 11:15 | Arcane Tower |
| 11:17 | Scout Tower |
| 11:18 | Scout Tower |
| 11:31 | Arcane Tower |
| 11:36 | Healing Salve |
| 11:53 | Staff of Teleportation |
| 11:53 | Boots of Speed |
| 11:56 | Arcane Tower |
| 12:32 | Guard Tower |
| 12:58 | Scout Tower |
| 12:59 | Scout Tower |
| 13:40 | Guard Tower |
| 13:41 | Scout Tower |
| 13:42 | Scout Tower |
| 13:42 | Scout Tower |
| 13:43 | Scout Tower |
| 13:52 | Brilliance Aura |
| 14:13 | Arcane Tower |
| 14:14 | Guard Tower |
| 14:15 | Scout Tower |
| 14:15 | Scout Tower |
| 14:16 | Scout Tower |
| 14:16 | Scout Tower |
| 15:06 | Scout Tower |
| 15:07 | Scout Tower |
| 15:10 | Staff of Sanctuary |
| 15:47 | Guard Tower |
| 15:55 | Boots of Speed |
| 15:59 | Staff of Teleportation |
| 16:13 | Scout Tower |
| 16:13 | Scout Tower |
| 16:37 | Scout Tower |
| 16:38 | Scout Tower |
| 16:38 | Scout Tower |
| 16:39 | Guard Tower |
| 16:41 | Scout Tower |
| 16:41 | Scout Tower |
| 16:42 | Scout Tower |
| 16:43 | Scout Tower |
| 17:20 | Scout Tower |
| 17:21 | Scout Tower |
| 17:38 | Guard Tower |
| 17:40 | Orb of Lightning |
| 18:03 | Guard Tower |
| 18:06 | Scroll of Regeneration |
| 18:13 | Guard Tower |
| 18:16 | Scout Tower |
| 18:17 | Scout Tower |
| 18:45 | Guard Tower |
| 18:48 | Staff of Sanctuary |
| 18:51 | Guard Tower |
| 18:54 | Scout Tower |
| 18:55 | Scout Tower |
| 18:56 | Scout Tower |
| 18:56 | Scout Tower |
| 19:16 | Guard Tower |
| 19:18 | Scout Tower |
| 19:19 | Scout Tower |
| 19:41 | Guard Tower |
| 19:46 | Guard Tower |
| 20:07 | Blizzard |
| 20:07 | Brilliance Aura |
| 20:24 | Guard Tower |
| 20:25 | Scout Tower |
| 20:28 | Orb of Lightning |
| 20:43 | Bash |
| Right click | 1875 |
| Select group | 888 |
| Select | 265 |
| Chat | 183 |
| Build/train/purchase | 121 |
| Misc. action | 62 |
| Use ability | 56 |
| Minimap ping | 12 |
| Esc | 7 |
| Resource trade | 6 |
| Assign group | 5 |
| Item give/drop | 2 |
IcebergSlim
(20:56) : 


| Healing Salve | 3 | 300 |
| Lesser Clarity Potion | 1 | 70 |
| Orb of Lightning | 1 | 375 |
| Boots of Speed | 1 | 250 |
| Staff of Teleportation | 1 | 150 |
| total: | 7 | 1145g |
| Peon | 13 | 975 | / | 0 |
| Troll Batrider | 8 | 1280 | / | 320 |
| total: | 21 | 2255g | / | 320w |
| Watch Tower | 14 | 1540 | / | 1120 |
| Altar of Storms | 1 | 180 | / | 50 |
| Orc Burrow | 4 | 640 | / | 160 |
| War Mill | 1 | 205 | / | 0 |
| Voodoo Lounge | 3 | 390 | / | 90 |
| Beastiary | 2 | 290 | / | 280 |
| Stronghold | 1 | 315 | / | 190 |
| Fortress | 1 | 325 | / | 190 |
| total: | 25 | 3245g | / | 1700w |
| 0:02 | Peon |
| 0:02 | Peon |
| 0:04 | Altar of Storms |
| 0:19 | Orc Burrow |
| 0:23 | Peon |
| 0:35 | Peon |
| 0:35 | Peon |
| 0:49 | War Mill |
| 0:59 | Voodoo Lounge |
| 1:04 | Peon |
| 1:14 | Peon |
| 1:28 | Peon |
| 1:38 | Orc Burrow |
| 1:44 | Peon |
| 1:55 | Peon |
| 2:04 | Peon |
| 2:08 | Shockwave |
| 2:15 | Watch Tower |
| 2:47 | Healing Salve |
| 2:47 | Lesser Clarity Potion |
| 3:22 | Watch Tower |
| 3:40 | Voodoo Lounge |
| 3:42 | Boots of Speed |
| 3:43 | Staff of Teleportation |
| 3:57 | Peon |
| 3:58 | Peon |
| 5:08 | Watch Tower |
| 5:10 | Watch Tower |
| 5:14 | Stronghold |
| 5:15 | Spiked Barricades |
| 7:01 | Watch Tower |
| 7:13 | Watch Tower |
| 8:54 | Watch Tower |
| 8:57 | Watch Tower |
| 9:06 | Hex |
| 9:11 | Fortress |
| 9:14 | Orc Burrow |
| 9:55 | Improved Spiked Barricades |
| 9:55 | Reinforced Defenses |
| 9:59 | Voodoo Lounge |
| 10:08 | Watch Tower |
| 11:16 | Watch Tower |
| 11:32 | Watch Tower |
| 11:37 | Beastiary |
| 11:38 | Beastiary |
| 12:40 | Watch Tower |
| 12:44 | Liquid Fire |
| 12:48 | Troll Batrider |
| 12:54 | Orc Burrow |
| 13:20 | Troll Batrider |
| 13:23 | Steel Armor |
| 13:25 | Steel Ranged Weapons |
| 13:40 | Orb of Lightning |
| 14:20 | Troll Batrider |
| 14:53 | Healing Salve |
| 15:05 | Watch Tower |
| 16:02 | Frost Arrows |
| 16:11 | Troll Batrider |
| 16:12 | Troll Batrider |
| 16:22 | Endurance Aura |
| 17:14 | Watch Tower |
| 18:11 | Healing Salve |
| 19:17 | Troll Batrider |
| 19:44 | Thorium Ranged Weapons |
| 20:03 | Troll Batrider |
| 20:03 | Troll Batrider |
| 20:35 | Healing Wave |
| Right click | 2182 |
| Select group | 367 |
| Select | 286 |
| Misc. action | 159 |
| Build/train/purchase | 48 |
| Use ability | 38 |
| Chat | 36 |
| Assign group | 7 |
| Resource trade | 7 |
| Minimap ping | 2 |
| Item give/drop | 1 |
| Remove unit | 1 |